 Dungeon Crawl Stone Soup version 0.25-a0-294-gea9b1ad378 (webtiles) character file.

Game seed: 15091345877463139500, levelgen mode: classic

235 Borgoz the Skirmisher (level 6, -1/58 HPs)
             Began as a Gargoyle Berserker on Dec 19, 2019.
             Was a Priest of Trog.
             Slain by an ogre
             ... wielding a cursed +0 giant club
              (20 damage)
             ... on level 4 of the Dungeon.
             The game lasted 00:03:28 (2164 turns).

Borgoz the Skirmisher (Gargoyle Berserker)          Turns: 2164, Time: 00:03:29

Health: -1/58      AC: 10    Str: 25    XL:     6   Next: 6%
Magic:  6/6        EV: 12    Int:  8    God:    Trog [***...]
Gold:   149        SH:  0    Dex: 11    Spells: 5/5 levels left

rFire    . . .     SeeInvis .   n - +0 long sword
rCold    + . .     Gourm    .   (no shield)
rNeg     + . .     Faith    .   p - +1 leather armour {rC+}
rPois    ∞         Spirit   .   (no helmet)
rElec    +         Reflect  .   h - +0 cloak
rCorr    .         Harm     .   (no gloves)
MR       .....                  (no boots)
Stlth    ..........             (no amulet)
HPRegen  0.19/turn              (no ring)
MPRegen  0.10/turn              (no ring)

@: berserking, very quick
A: negative energy resistance 1, electricity resistance, unbreathing,
petrification resistance, rot immunity, AC +4
a: Berserk, Trog's Hand, Renounce Religion


You were on level 4 of the Dungeon.
You worshipped Trog.
Trog was most pleased with you.
You were hungry.

You visited 1 branch of the dungeon, and saw 4 of its levels.

You collected 149 gold pieces.

Inventory:

Hand Weapons
 n - a +0 long sword (weapon)
Armour
 h - a +0 cloak (worn)
 p - a +1 leather armour of cold resistance (worn)
Scrolls
 e - a scroll of enchant weapon {unknown}
 f - 2 scrolls of remove curse {unknown}
 i - 3 scrolls of magic mapping {unknown}
 j - a scroll of immolation {unknown}
 k - a scroll of random uselessness {unknown}
 l - a scroll of enchant armour {unknown}
 q - a scroll of fear {unknown}
Potions
 a - a potion of lignification
 b - a potion of ambrosia
 d - a potion of agility
 g - a potion of mutation {unknown}
 m - 2 potions of heal wounds
Comestibles
 c - 2 rations


   Skills:
 + Level 4.3 Fighting
 * Level 4.3 Long Blades
 + Level 3.4 Armour
 + Level 2.6 Dodging


You had 5 spell levels left.
You didn't know any spells.
Your spell library was empty.

Dungeon Overview and Level Annotations

Branches:
Dungeon (4/15)
 Temple: D:4-7

Altars:
Cheibriados
Gozag
Kikubaaqudgha
Wu Jian
Xom


Innate Abilities, Weirdness & Mutations

You are resistant to torment.
Your stone body is resilient. (AC +4)
You are immune to poison.
You resist negative energy. (rN+)
You are resistant to electric shocks. (rElec)
You can survive without breathing.
You are immune to petrification.
You are immune to rotting.


Message History

An orc comes into view. It is wielding a +0 dagger.
The orc shouts!
You hear a shout!
The orc moves out of view.
The ogre barely misses you.
You barely miss the ogre.
The ogre hits you with a cursed +0 giant club!
You slash the ogre!
The ogre is moderately wounded.
The ogre hits you with a cursed +0 giant club!
You are too injured to fight recklessly!
You are too injured to fight recklessly!
You are too injured to fight recklessly!
Okay, then.
A red film seems to cover your vision as you go berserk!
You feel yourself moving faster!
You feel mighty!
You are feeling hungry.
You slash the ogre!
The ogre is severely wounded.
The ogre hits you with a cursed +0 giant club!!
You die...

#####.<.........
.........#...##
########.....#
##..##.#
.....##.###
#####......#
####.#.####
.####.#....#
.......@##.#
####...Oo# #
#####... .### <#
.. .# ..


You could see an ogre and an orc.

Vanquished Creatures
  2 orc wizards (D:3)
  A centaur skeleton (D:3)
  2 adders
  4 gnolls (D:2)
  An ooze (D:2)
  3 worms
  3 dart slugs
  2 leopard geckos (D:3)
  4 orcs (D:3)
  10 bats
  2 giant cockroaches
  5 goblins
  8 hobgoblins
  10 jackals
  4 kobolds
  A quokka (D:3)
  A ball python (D:2)
  5 frilled lizards
  6 rats
74 creatures vanquished.

Notes
Turn   | Place    | Note
-------+----------+-------------------------------------------
     0 | D:1      | Borgoz the Gargoyle Berserker began the quest for the Orb.
     0 | D:1      | Reached XP level 1. HP: 14/14 MP: 1/1
    19 | D:1      | Reached XP level 2. HP: 15/19 MP: 2/2
   622 | D:2      | Reached XP level 3. HP: 22/23 MP: 3/3
   702 | D:2      | Reached ** piety under Trog
   981 | D:2      | Reached XP level 4. HP: 26/29 MP: 4/4
  1008 | D:2      | Found an opulent altar of Gozag.
  1442 | D:3      | Reached XP level 5. HP: 33/33 MP: 5/5
  1743 | D:3      | Found a snail-covered altar of Cheibriados.
  1837 | D:3      | Reached XP level 6. HP: 38/38 MP: 6/6
  2120 | D:3      | Found an ornate altar of the Wu Jian Council.
  2122 | D:3      | Found an ornate altar of the Wu Jian Council.
  2122 | D:3      | Found a shattered altar of Ashenzari.
  2129 | D:3      | Found an opulent altar of Gozag.
  2129 | D:3      | Found a shimmering altar of Xom.
  2129 | D:3      | Found an ancient bone altar of Kikubaaqudgha.
  2148 | D:4      | Reached *** piety under Trog
  2164 | D:4      | Slain by an ogre

Levels and vault maps discovered:
D:1:      lightli_iron_boxes, layout_rooms, kennysheep_boxes
D:2:      layout_loops_ring, grunt_gozag_breadcrumbs
D:3:      layout_loops_ring, doesnt_xom_only_xom, first_ration, hex_large,
          kennysheep_slug_shrine
D:4:      layout_rooms, fedhas_bush_and_centaur_altar

Skill      XL: |  1  2  3  4  5 |
---------------+----------------+-----
Long Blades    | 3 4 |  4.3
Dodging        | 2 |  2.6
Armour         | 3 |  3.4
Fighting       | 4 |  4.3

Action                   |  1- 3 |  4- 6 || total
-------------------------+-------+-------++-------
Melee: Falchion          |   126 |    52 ||   178
       Long sword        |       |    80 ||    80
Invok: Berserk           |     1 |     2 ||     3
  Use: Scroll            |       |     4 ||     4
 Stab: Sleeping          |       |     1 ||     1
  Eat: Chunk             |     1 |     6 ||     7
Armor: Animal skin       |    32 |       ||    32
       Ring mail         |    41 |    71 ||   112
       Leather armour    |       |    11 ||    11
Dodge: Dodged            |   104 |   102 ||   206
       Rpst.: Falchion   |    27 |    17 ||    44
       Long sword        |       |    13 ||    13

Table legend:
 A = Non-vault XP
 B = Vault XP
 C = Vault XP percentage of total XP
 D = Non-vault monster count
 E = Vault monster count
 F = Vault count percentage of total count
                 A         B        C        D         E       F
            +---------+---------+-------+---------+---------+-------
      Total |     333 |       4 |   1.2 |      73 |       1 |   1.4
            +---------+---------+-------+---------+---------+-------
        D:1 |      29 |       0 |   0.0 |      19 |       0 |   0.0
        D:2 |     118 |       0 |   0.0 |      25 |       0 |   0.0
        D:3 |     182 |       4 |   2.2 |      27 |       1 |   3.6
        D:4 |       4 |       0 |   0.0 |       2 |       0 |   0.0
            +---------+---------+-------+---------+---------+-------
